 Dungeon Crawl Stone Soup version 0.23-a0-644-gb60d84b (webtiles) character file.

332 Borgoz the Skirmisher (level 6, -4/53 HPs)
             Began as a Ghoul Abyssal Knight on Jan 1, 2019.
             Was a Priest of Lugonu.
             Slain by a centaur (7 damage)
             ... on level 5 of the Dungeon.
             The game lasted 00:09:13 (3242 turns).

Borgoz the Skirmisher (Ghoul Abyssal Knight)        Turns: 3242, Time: 00:09:14

Health: -4/53      AC:  6    Str: 16    XL:     6   Next: 52%
Magic:  6/6        EV: 11    Int:  7    God:    Lugonu [***...]
Gold:   175        SH:  0    Dex: 10    Spells: 5/5 levels left

rFire    . . .     SeeInvis .   a - +1 hand axe
rCold    + . .     Gourm    .   (no shield)
rNeg     + + +     Faith    .   l - +0 ring mail
rPois    ∞         Spirit   .   (no helmet)
rElec    .         Reflect  .   k - +0 cloak
rCorr    .         Harm     .   (no gloves)
MR       .....                  (no boots)
Stlth    ..........             (no amulet)
HPRegen  0.00/turn              (no ring)
MPRegen  0.10/turn              (no ring)

@: rotting
A: rotting body, claws 1, carnivore, cold resistance 1, negative energy
resistance 3, inhibited regeneration, torment resistance, unbreathing
a: Depart the Abyss, Bend Space, Banish, Renounce Religion


You were on level 5 of the Dungeon.
You worshipped Lugonu.
Lugonu was most pleased with you.
You were not hungry.

You visited 1 branch of the dungeon, and saw 5 of its levels.
You visited the Abyss 1 time.
You also visited: Sewer.

You collected 175 gold pieces.

Inventory:

Hand Weapons
 a - a +1 hand axe (weapon)
Armour
 k - a +0 cloak (worn)
 l - a +0 ring mail (worn)
Scrolls
 d - a scroll of immolation
 f - 2 scrolls of magic mapping
 n - a scroll of enchant armour {unknown}
 o - 2 scrolls of teleportation
 p - a scroll of enchant weapon {unknown}
 q - a scroll of blinking {unknown}
 u - a scroll of fear {unknown}
 v - a scroll of vulnerability {unknown}
 w - a scroll of random uselessness {unknown}
 x - 2 scrolls of remove curse {unknown}
Potions
 e - a potion of invisibility {unknown}
 g - a potion of berserk rage {unknown}
 i - a potion of haste {unknown}
 r - 2 potions of agility {unknown}
 s - a potion of flight
 t - a potion of degeneration {unknown}
Comestibles
 c - 6 rations


   Skills:
 + Level 4.7 Fighting
 + Level 3.4 Axes
 + Level 3.2 Armour
 + Level 2.9 Dodging
 - Level 2.0 Invocations


You had 5 spell levels left.
You didn't know any spells.
Your spell library contained the following spells:

 Spells                   Type           Power        Failure   Level  Hunger
 Confusing Touch          Hex            #.....       65%         1    ##.....
 Confuse                  Hex            #.......     95%         3    ####...
 Gell's Gravitas          Tloc           #.........   95%         3    ####...
 Petrify                  Tmut/Erth      #.......     100%        4    #####..
 Metabolic Englaciation   Hex/Ice        #.........   100%        5    ######.
 Yara's Violent Unravell  Hex/Tmut       #.........   100%        5    ######.


Dungeon Overview and Level Annotations

Branches:
Dungeon (5/15)
 Temple: D:4-7

Altars:
Fedhas
Kikubaaqudgha
Ru
Xom
Yredelemnul

Annotations:
D:3 1 runed door, Lanoc's ghost, amateur DDAr
D:4 Eustachio


Innate Abilities, Weirdness & Mutations

Your body is rotting away.
You thrive on raw meat.
You are immune to poison.
You have sharp fingernails.
You are carnivorous and can eat meat at any time.
Your flesh is cold resistant. (rC+)
You are immune to negative energy. (rN+++)
You do not regenerate when monsters are visible.
You are immune to unholy pain and torment.
You can survive without breathing.


Message History

* * * LOW HITPOINT WARNING * * *
Okay, then.
Okay, then.
Okay, then.
You feel better. The centaur barely misses you. The centaur hits you!
* * * LOW HITPOINT WARNING * * *
You hit the centaur.
The centaur is heavily wounded.
You closely miss the centaur. The centaur closely misses you.
The centaur hits you but does no damage.
The centaur barely misses you.
The centaur hits you but does no damage.
You hit the centaur.
The centaur is severely wounded.
You hit the centaur. The centaur barely misses you. The centaur hits you.
* * * LOW HITPOINT WARNING * * *
A quokka comes into view.
The centaur hits you but does no damage.
The centaur hits you!
You die...

..........# ..
..........##....
...........#...# #
...........#...#..
..................
.......<(.........
..........#.......
......c..(#.......
.....sc@.#........
....?.####........
...... .........
...... ...)......
r..c.. ...........
.... .c..........
. ...........(.
.......#######


You could see 2 centaurs, a scorpion and a quokka (wandering).

Vanquished Creatures
  A centaur skeleton (D:3)
  An orc priest (D:3)
  Jessica (D:3)
  Robin (D:3)
  3 river rats (D:3)
  7 adders
  3 oozes (Sewer)
  8 worms
  3 dart slugs
  4 leopard geckos
  4 orcs (D:3)
  5 giant cockroaches
  9 hobgoblins
  9 jackals
  2 quokkas (D:3)
  5 ball pythons
  10 bats
  5 frilled lizards
  11 goblins
  5 kobolds
  8 rats
105 creatures vanquished.

Notes
Turn   | Place    | Note
-------+----------+-------------------------------------------
     0 | Abyss:1  | Borgoz the Ghoul Abyssal Knight began the quest for the
                  | Orb.
     0 | Abyss:1  | Reached XP level 1. HP: 19/19 MP: 1/1
     4 | Abyss:1  | Found a deep blue altar of Sif Muna.
    84 | Abyss:1  | Noticed a small abomination
    86 | D:1      | Escaped the Abyss
   208 | D:1      | Reached skill level 1 in Dodging
   386 | D:1      | Reached XP level 2. HP: 23/24 MP: 2/2
   618 | D:1      | Reached * piety under Lugonu
   774 | D:2      | Reached XP level 3. HP: 27/31 MP: 3/3
  1197 | D:2      | Found a shimmering altar of Xom.
  1406 | D:2      | Reached XP level 4. HP: 25/38 MP: 4/4
  1554 | D:3      | Reached skill level 4 in Fighting
  1656 | D:3      | Noticed Jessica
  1661 | D:3      | Killed Jessica
  1661 | D:3      | Reached XP level 5. HP: 42/45 MP: 5/5
  1662 | D:3      | Reached ** piety under Lugonu
  1857 | D:3      | Found a glowing drain.
  1862 | Sewer    | Entered a sewer
  2051 | Sewer    | Reached XP level 6. HP: 44/53 MP: 6/6
  2620 | D:3      | Noticed Robin
  2635 | D:3      | Reached *** piety under Lugonu
  2657 | D:3      | Killed Robin
  2702 | D:3      | Found a blossoming altar of Fedhas.
  2703 | D:3      | Found an ancient bone altar of Kikubaaqudgha.
  2749 | D:3      | Found a basalt altar of Yredelemnul.
  2849 | D:3      | Found a sacrificial altar of Ru.
  3090 | D:3      | Found a runed door.
  3091 | D:3      | Noticed Lanoc's ghost (amateur DDAr)
  3187 | D:4      | Noticed Eustachio
  3227 | D:5      | Entered Level 5 of the Dungeon
  3242 | D:5      | Slain by a centaur

Vault maps used:
D:1:      mrwooster_arrival_arrow
D:2:      brannock_xom_greatest_gift
D:3:      grunt_temple_overflow_growth_and_decay,
          nicolae_ru_great_annihilating_truth, overflow_temple_1_default,
          lightli_sewer_entry_pipes, gammafunk_ghost_grave,
          kennysheep_generic_room_15, uniq_jessica, uniq_robin
D:4:      first_ration, uniq_eustachio
D:5:      nicolae_overflow_hidden_temple, serial_shops, nicolae_shop_trees,
          shop, nicolae_shop_overgrown_old_shop, shop
Sewer:    sewer_fruit_machine

Skill      XL: |  1  2  3  4  5 |
---------------+----------------+-----
Dodging        | 1 2 |  2.9
Axes           | 2 3 |  3.4
Armour         | 2 3 |  3.2
Fighting       | 4 |  4.7
Invocations    | |  2.0

Action                   |  1- 3 |  4- 6 || total
-------------------------+-------+-------++-------
Melee: Hand axe          |   123 |   300 ||   423
Invok: Depart the Abyss  |     1 |       ||     1
  Use: Scroll            |       |     8 ||     8
       Potion            |       |     5 ||     5
 Stab: Paralysed         |       |     3 ||     3
  Eat: Chunk             |    14 |    34 ||    48
Armor: Leather armour    |    29 |       ||    29
       Ring mail         |    13 |   151 ||   164
Dodge: Dodged            |    84 |   261 ||   345

Table legend:
 A = Non-vault XP
 B = Vault XP
 C = Vault XP percentage of total XP
 D = Non-vault monster count
 E = Vault monster count
 F = Vault count percentage of total count
                 A         B        C        D         E       F
            +---------+---------+-------+---------+---------+-------
      Total |     214 |     261 |  54.9 |      52 |      53 |  50.5
            +---------+---------+-------+---------+---------+-------
        D:1 |      17 |       0 |   0.0 |      12 |       0 |   0.0
        D:2 |      75 |       0 |   0.0 |      19 |       0 |   0.0
        D:3 |     119 |     172 |  59.1 |      20 |      27 |  57.4
        D:4 |       3 |       0 |   0.0 |       1 |       0 |   0.0
      Sewer |       0 |      89 | 100.0 |       0 |      26 | 100.0
            +---------+---------+-------+---------+---------+-------
